 Dungeon Crawl Stone Soup version 0.27.1-34-g3ba077fa99 (webtiles) character file.

Game seed: 12717004602013465558

16 mcbry74 the Poker (level 2, -14/22 HPs)
             Began as a Merfolk Gladiator on Jan 27, 2022.
             Demolished by a kobold (19 damage)
             ... on level 1 of the Dungeon.
             The game lasted 00:01:15 (458 turns).

mcbry74 the Poker (Merfolk Gladiator)                Turns: 458, Time: 00:01:15

Health: -14/22     AC:  4    Str: 14    XL:     2   Next: 58%
Magic:  2/2        EV: 13    Int:  7    God:
Gold:   18         SH:  0    Dex: 15    Spells: 1/1 levels left

rFire    . . .     SeeInvis .   a - +0 trident
rCold    . . .     Faith    .   (no shield)
rNeg     . . .     Spirit   .   b - +0 leather armour
rPois    .         Reflect  .   c - +0 helmet
rElec    .         Harm     .   (no cloak)
rCorr    .         Rampage  .   (no gloves)
Will     .....                  (no boots)
Stlth    +.........             (no amulet)
HPRegen  0.07/turn              (no ring)
MPRegen  0.08/turn              (no ring)

@: no status effects
A: (nimble swimmer 2), mertail
a: no special abilities


You were on level 1 of the Dungeon.
You visited 1 branch of the dungeon, and saw 1 of its levels.

You collected 18 gold pieces.

Inventory:

Hand Weapons
 a - a +0 trident (weapon)
Missiles
 d - 3 throwing nets (quivered)
Armour
 b - a +0 leather armour (worn)
 c - a +0 helmet (worn)
Scrolls
 e - 2 scrolls of identify {unknown}
 f - a scroll of enchant weapon {unknown}
 h - a scroll of immolation {unknown}
Potions
 g - a potion of curing {unknown}
 i - a potion of heal wounds {unknown}


   Skills:
 - Level 2.1 Fighting
 + Level 5.6 Polearms
 - Level 2.0 Throwing
 - Level 4.0 Dodging


You had one spell level left.
You didn't know any spells.
Your spell library was empty.

Dungeon Overview and Level Annotations

Branches:
Dungeon (1/15)

Altars:


Innate Abilities, Weirdness & Mutations

((You are quick and stealthy near water. (Stealth+, EV+, Speed+++)))
Your lower body shifts to a powerful aquatic tail in water.


Message History

You hit the hobgoblin.
The hobgoblin is almost dead.
The hobgoblin barely misses you.
You hit the hobgoblin.
You kill the hobgoblin!
You open the door.
Found 16 stones.
There is an open door here.
Found a ruby potion.
Found a leather armour.
h - a scroll labelled GIDOSH KUXODDI
i - a ruby potion You open the door.
There is an open door here.
You open the door.
A kobold comes into view.
It is wielding a +2 short sword of electrocution.
The kobold shouts!
The kobold throws a stone.
The stone misses you.
There is an open door here.
The kobold throws a stone.
The stone barely misses you.
A frilled lizard comes into view.
The kobold throws a stone.
The stone misses you.
Found 2 black potions.
The kobold throws a stone.
The stone barely misses you.
You reach to attack!
You barely miss the kobold. You completely miss the kobold.
The kobold hits you with a +2 short sword of electrocution.
You hit the kobold but do no damage.
The kobold hits you with a +2 short sword of electrocution.
The frilled lizard closely misses you.
You hit the kobold.
The kobold is moderately wounded.
The kobold completely misses you. The frilled lizard closely misses you.
You puncture the frilled lizard!
You kill the frilled lizard!
The kobold hits you but does no damage.
You are electrocuted!
The kobold hits you with a +2 short sword of electrocution.
* * * LOW HITPOINT WARNING * * *
You are electrocuted!!
Ouch! That really hurt!
You die...

. ##### .. +.... ...
##### .!.. ####
.....######## #...
............# #...
.......@....#########...
.......K....'.......'...
............#########...
############# ####
###♣♣## #≈....###
##.....∩.# ##......#∩#
##.<........


You could see a kobold.

Vanquished Creatures
  3 endoplasms (D:1)
  A goblin (D:1)
  2 hobgoblins (D:1)
  A quokka (D:1)
  2 ball pythons (D:1)
  3 bats (D:1)
  A frilled lizard (D:1)
  A kobold (D:1)
  2 rats (D:1)
16 creatures vanquished.

Notes
Turn   | Place    | Note
-------+----------+-------------------------------------------
     0 | D:1      | mcbry74 the Merfolk Gladiator began the quest for the Orb.
     0 | D:1      | Reached XP level 1. HP: 16/16 MP: 1/1
   103 | D:1      | Reached skill level 5 in Polearms
   111 | D:1      | Reached XP level 2. HP: 22/22 MP: 2/2
   458 | D:1      | Demolished by a kobold

Illustrated notes

Levels and vault maps discovered:
D:1:      nzn_arrival_settlement, layout_basic

Skill      XL: |  1 |
---------------+----+-----
Polearms       | 5 |  5.6
Fighting       | |  2.1
Throwing       | |  2.0
Dodging        | |  4.0

Action                   || total
-------------------------++-------
Melee: Trident           ||    51
 Stab: Sleeping          ||     3
Armor: Leather armour    ||    14
Dodge: Dodged            ||    28
